 Dungeon Crawl Stone Soup version 0.22-a0-369-gc73351f (webtiles) character file.

59 JeffiDaFish the Grave Robber (level 4, 0/30 HPs)
             Began as a Human Necromancer on Apr 24, 2018.
             Succumbed to an adder's poison
             ... on level 2 of the Dungeon.
             The game lasted 00:03:22 (1814 turns).

JeffiDaFish the Grave Robber (Human Necromancer)    Turns: 1814, Time: 00:03:23

Health: 0/30       AC:  2    Str:  8    XL:     4   Next: 22%
Magic:  0/8        EV: 12    Int: 16    God:
Gold:   50         SH:  0    Dex: 14    Spells: 6/8 levels left

rFire    . . .     SeeInvis .   e - +0 short sword
rCold    . . .     Gourm    .   (no shield)
rNeg     . . .     Faith    .   a - +0 robe
rPois    .         Spirit   .   (no helmet)
rElec    .         Reflect  .   (no cloak)
rCorr    .         Harm     .   (no gloves)
MR       .....                  (no boots)
Stlth    ++........             (no amulet)
HPRegen  0.10/turn              (no ring)
MPRegen  0.11/turn              (no ring)

@: lethally poisoned (0 -> -5)
A: no striking features
a: no special abilities


You were on level 2 of the Dungeon.
You were not hungry.

You visited 1 branch of the dungeon, and saw 2 of its levels.

You collected 50 gold pieces.

Inventory:

Hand Weapons
 e - a +0 short sword (weapon)
Armour
 a - a +0 robe (worn)
Potions
 b - a potion of haste
Comestibles
 c - 3 rations


   Skills:
 - Level 2.0 Dodging
 - Level 2.0 Stealth
 + Level 2.6 Spellcasting
 * Level 5.0 Necromancy


You had 6 spell levels left.
You knew the following spells:

 Your Spells              Type           Power        Failure   Level  Hunger
a - Pain                  Necr           ###.         2%          1    #......
b - Animate Skeleton      Necr           N/A          2%          1    #......


Dungeon Overview and Level Annotations

Branches:
Dungeon (2/15)

Altars:
Kikubaaqudgha


Message History

The adder poisons you!
You miss the adder.
The adder is heavily wounded.
The adder barely misses you.
You hit the adder but do no damage.
The adder is heavily wounded.
* * * LOW HITPOINT WARNING * * *
You feel sick. The adder barely misses you. The adder closely misses you.
You closely miss the adder.
The adder is heavily wounded.
The adder closely misses you.
Casting: Pain (safe; 2% risk of failure)
Confirm with . or Enter, or press ? or * to list all spells.
Aiming: Pain (safe; 2% risk of failure)
Press: ? - help, Shift-Dir - straight line, f - adder
Aim: an adder (heavily wounded, chance to defeat MR: 82%)
The adder writhes in agony!
You kill the adder!
Your Necromancy skill increases to level 5!
You die...

# ####### ##
#.....######### .#
#.###........># ##
♣.♣ ###....##.#
.#♣♣.♣♣###....##.#
...........(...#@#
##♣♣.♣♣#######.#†#
# ♣.♣ #.#.# #.#
#.#†# #.# #.#.#
#.. #.#.(.....#
### #.#....S..#
#.#.......#
#.......#


There were no monsters in sight!

Vanquished Creatures
  4 adders (D:2)
  A leopard gecko (D:1)
  2 bats
  4 goblins (D:1)
  4 hobgoblins (D:1)
  A frilled lizard (D:2)
  A kobold (D:1)
  A rat (D:2)
18 creatures vanquished.

Vanquished Creatures (collateral kills)
  An ooze (D:1)
1 creature vanquished.

Grand Total: 19 creatures vanquished

Notes
Turn   | Place    | Note
-------+----------+-------------------------------------------
     0 | D:1      | JeffiDaFish the Human Necromancer began the quest for the Orb.
     0 | D:1      | Reached XP level 1. HP: 13/13 MP: 3/3
   640 | D:1      | Reached XP level 2. HP: 19/19 MP: 3/5
   807 | D:1      | Learned a level 1 spell: Animate Skeleton
  1477 | D:2      | Reached XP level 3. HP: 21/24 MP: 2/6
  1748 | D:2      | Found an ancient bone altar of Kikubaaqudgha.
  1805 | D:2      | Reached XP level 4. HP: 16/30 MP: 0/7
  1812 | D:2      | HP: 1/30 [poisoned by an adder]
  1814 | D:2      | Reached skill level 5 in Necromancy
  1814 | D:2      | Succumbed to an adder's poison

Vault maps used:
D:1:      nzn_arrival_crosshair
D:2:      lemuel_doored_altar, minmay_tree_intersection,
          minmay_randomly_rotated_circles

Skill      XL: |  1  2  3  4 |
---------------+-------------+-----
Necromancy     | 5 |  5.0
Dodging        | |  2.0
Stealth        | |  2.0
Spellcasting   | |  2.6

Action                   |  1- 3 |  4- 6 || total
-------------------------+-------+-------++-------
Melee: Short sword       |    16 |     6 ||    22
 Cast: Pain              |    32 |     2 ||    34
       Animate Skeleton  |     2 |       ||     2
  Use: Potion            |     2 |       ||     2
       Scroll            |     1 |       ||     1
 Stab: Sleeping          |     1 |       ||     1
  Eat: Chunk             |     3 |       ||     3
Armor: Robe              |     4 |       ||     4
Dodge: Dodged            |    19 |     5 ||    24

Table legend:
 A = Spawn XP
 B = Non-spawn XP
 C = Spawn XP percentage of total XP
 D = Spawn monster count
 E = Non-spawn monster count
 F = Spawn count percentage of total count
 G = Total turns spent on level
                    A         B        C        D         E        F      G
               +---------+---------+-------+---------+---------+-------+---------
         Total |       0 |      85 |   0.0 |       0 |      19 |   0.0 |  1814
               +---------+---------+-------+---------+---------+-------+---------
           D:1 |       0 |      27 |   0.0 |       0 |      12 |   0.0 |  1461
           D:2 |       0 |      58 |   0.0 |       0 |       7 |   0.0 |   353
               +---------+---------+-------+---------+---------+-------+---------
